 Dungeon Crawl Stone Soup version 0.29-a0-997-gf6f7e2dfe7 (webtiles) character file.

Game seed: 17716769280599379814

166 IdlyInterested the Poker (level 5, -3/41 HPs)
             Began as a Demonspawn Gladiator on Aug 4, 2022.
             Killed from afar by an orc wizard (10 damage)
             ... with a puff of flame
             ... on level 3 of the Dungeon.
             The game lasted 00:07:54 (3599 turns).

IdlyInterested the Poker (Demonspawn Gladiator)     Turns: 3599, Time: 00:07:54

Health: -3/41      AC: 11    Str: 16    XL:     5   Next: 22%
Magic:  6/6        EV:  5    Int:  9    God:
Gold:   162        SH:  0    Dex: 15    Spells: 6/6 levels left

rFire   . . .      SeeInvis .   a - +0 trident
rCold   . . .      Faith    .   (no shield)
rNeg    . . .      Spirit   .   h - +0 plate armour
rPois   .          Reflect  .   p - +0 helmet
rElec   .          Harm     +   g - scarf {harm}
rCorr   .          Rampage  .   (no gloves)
Will    .....                   (no boots)
Stlth   ..........              (no amulet)
HPRegen 0.13/turn               n - ring of flight
MPRegen 0.10/turn               (no ring)

@: flying, hasted, very quick
A: condensation shield, demonic magic 1
a: no special abilities


You were on level 3 of the Dungeon.
You visited 1 branch of the dungeon, and saw 3 of its levels.

You collected 162 gold pieces.

Inventory:

Hand Weapons
 a - a +0 trident (weapon)
 o - the +7 dagger "Qitag" {vorpal, rF- rC+ Str-5 Dex+8}
   (You found it on level 3 of the Dungeon)

   It inflicts extra damage upon your enemies.
   Str:       It affects your strength (-5).
   Dex:       It affects your dexterity (+8).
   rF:        It makes you vulnerable to fire.
   rC:        It protects you from cold.
Missiles
 d - 3 throwing nets (quivered)
 e - a javelin
Armour
 c - a +0 helmet
 g - a scarf of harm (worn)
 h - a +0 plate armour (worn)
 l - a +0 plate armour
 p - a +0 helmet (worn)
Jewellery
 n - a ring of flight (left hand)
Scrolls
 b - a scroll of enchant weapon {unknown}
 f - 2 scrolls of noise {unknown}
 i - 9 scrolls of identify {unknown}
Potions
 j - a potion of haste
 k - a potion of curing
 m - a potion of flight


   Skills:
 + Level 3.1 Fighting
 * Level 4.3 Polearms
 - Level 1.7 Throwing
 + Level 0.3 Armour
 - Level 2.6 Dodging
 - Level 1.0 Stealth
 - Level 1.0 Spellcasting
 - Level 1.0 Evocations


You had 6 spell levels left.
You didn't know any spells.
Your spell library contained the following spells:

 Spells                   Type           Power      Damage    Failure   Level
 Freeze                   Ice            0%         1d3       100%        1
 Frozen Ramparts          Ice            0%         1d8       100%        3
 Hailstorm                Conj/Ice       0%         3d3       100%        4


Dungeon Overview and Level Annotations

Branches:
Dungeon (3/15)

Altars:
Gozag
Xom


Innate Abilities, Weirdness & Mutations

A meltable shield of frost defends you. (SH +0)
Spells you cast may paralyse adjacent enemies.


Message History

You're too confused to aim your attacks!
You're too confused to move!
You bump into the rock wall.
The orc hits you but does no damage.
You barely miss the orc. The orc hits you with a +0 mace.
You puncture the orc!
You kill the orc!
You closely miss something. Something hits you but does no damage.
You bump into the rock wall.
You hear some strange, mumbled words.
You are more confused.
Something hits you.
You convulse.
You bump into the rock wall.
Something hits you.
You convulse.
* * * LOW HITPOINT WARNING * * *
You hear some strange, mumbled words.
You are more confused.
You're too confused to aim your attacks!
You bump into the rock wall.
You closely miss something. Something hits you but does no damage.
Something hits you but does no damage.
It was a potion of haste.
You feel yourself speed up. Something hits you.
* * * LOW HITPOINT WARNING * * *
You convulse.
* * * LOW HITPOINT WARNING * * *
It was a potion of curing.
You feel better.
You hear some strange, mumbled words.
A magic dart appears from out of thin air!
The magic dart hits you.
* * * LOW HITPOINT WARNING * * *
It was a potion of flight.
You feel more buoyant. Something hits you.
* * * LOW HITPOINT WARNING * * *
You convulse.
* * * LOW HITPOINT WARNING * * *
You miss something. You hit something.
You hear some strange, mumbled words.
A puff of flame appears from out of thin air!
The puff of flame hits you!
You die...

####################
#........)..........
#.########.#.##### ##.##
#..#.## ##...##
####.###.#####.#
####.....###...## ##.....#
#......<[....##.###.#####.#
#.##.....###.....#....#
#.###...## #....@.#)#.# #.#
##.## ####.#{#.#.# ######.#
#.#.#.# # ....##.#
#.#)#.#.# ≈≈≈.##.# #......#
..≈.'..# ###.#.##
_.≈.'..##########..##
..≈.'..#............#
≈≈≈.##...######......# ####


There were no monsters in sight!

Vanquished Creatures
  An orc priest (D:3)
  4 adders
  A dart slug (D:2)
  7 orcs (D:3)
  3 ball pythons
  8 bats
  4 endoplasms
  2 giant cockroaches
  5 goblins
  4 hobgoblins
  4 jackals (D:1)
  3 quokkas (D:1)
  2 frilled lizards
  9 kobolds
  12 rats
  A bush (D:2)
70 creatures vanquished.

Vanquished Creatures (others)
  An orc wizard (D:3)
1 creature vanquished.

Grand Total: 71 creatures vanquished

Notes
Turn   | Place    | Note
-------+----------+-------------------------------------------
     0 | D:1      | IdlyInterested the Demonspawn Gladiator began the quest for
                  | the Orb.
     0 | D:1      | Reached XP level 1. HP: 16/16 MP: 1/1
   585 | D:1      | Reached skill level 3 in Polearms
   838 | D:1      | Gained mutation: Spells you cast may paralyse adjacent
                  | enemies. [demonic ancestry]
   838 | D:1      | Reached XP level 2. HP: 22/22 MP: 2/2
   872 | D:1      | Found a faded altar of an unknown god.
  1281 | D:1      | Reached skill level 1 in Spellcasting
  1383 | D:1      | Gained mutation: A meltable shield of frost defends you.
                  | (SH +0) [demonic ancestry]
  1383 | D:1      | Reached XP level 3. HP: 28/28 MP: 4/4
  2106 | D:2      | Reached skill level 1 in Stealth
  2278 | D:2      | Found a shimmering altar of Xom.
  2293 | D:2      | Reached XP level 4. HP: 32/32 MP: 5/5
  3148 | D:3      | Identified the +7 dagger "Qitag" {vorpal, rF- rC+ Str-5
                  | Dex+8}
  3475 | D:3      | Found an opulent altar of Gozag.
  3552 | D:3      | Reached skill level 4 in Polearms
  3565 | D:3      | Reached skill level 1 in Evocations
  3579 | D:3      | Reached XP level 5. HP: 27/41 MP: 6/6
  3599 | D:3      | Killed from afar by an orc wizard

Illustrated notes

Levels and vault maps discovered:
D:1:      saegor_arrival_under_anarchy, layout_loops_ring,
          ebering_ecumenical_altar_petrified, minmay_quantized
D:2:      layout_basic, basic_altar, minmay_hedge_maze, serial_park_tiny_1,
          minmay_increasing_density
D:3:      layout_loops_ring, mainiacjoe_overflow_alcove_4,
          hellmonk_ghost_happy_afterlife

Skill      XL: |  1  2  3  4 |
---------------+-------------+-----
Polearms       | 3 4 |  4.3
Spellcasting   | 1 |  1.0
Stealth        | 1 |  1.0
Fighting       | 3 |  3.1
Evocations     | 1 |  1.0
Throwing       | |  1.7
Armour         | |  0.3
Dodging        | |  2.6

Action                   |  1- 3 |  4- 6 || total
-------------------------+-------+-------++-------
Melee: Trident           |   186 |    81 ||   267
       Punch             |     3 |     1 ||     4
  Use: Potion            |       |     3 ||     3
Armor: Leather armour    |    13 |       ||    13
       Plate armour      |    29 |    41 ||    70
Dodge: Dodged            |    46 |     9 ||    55
Block: Other             |     6 |    12 ||    18

Table legend: (Time is in decaauts)
 A = Elapsed time spent in this place.
 B = Non-inter-level travel time spent in this place.
 C = Inter-level travel time spent in this place.
 D = Time resting spent in this place.
 E = Time spent auto-exploring this place.
 F = Levels seen in this place.
 G = Mean time per level.
                   A        B        C        D        E       F      G
               +--------+--------+--------+--------+--------+-----+--------+
         Total |   3633 |   3223 |    410 |    846 |   1704 |   3 | 1211.0 |
       Dungeon |   3633 |   3223 |    410 |    846 |   1704 |   3 | 1211.0 |
               +--------+--------+--------+--------+--------+-----+--------+

Top non-repeatable levels by time:
     D:1: 1941 daAuts
     D:2: 1374 daAuts
     D:3: 317 daAuts
